[Event "Titled Tuesday Blitz May 31 Early 2022"]
[White "Barria Zuniga, Daniel"]
[Black "Bharath Subramaniyam H"]
[WhiteFideId "3400816"]
[BlackFideId "46634827"]
[WhiteElo "2414"]
[BlackElo "2242"]
[Result "1-0"]
[Round "08"]
[TimeControl "180+1"]
[Date "2022.05.31"]
[WhiteClock "0:00:11"]
[BlackClock "0:00:03"]

1. d4 Nf6 2. c4 e6 3. Nf3 c5 4. d5 d6 5. Nc3 exd5 6. cxd5 g6 7. h3 Bg7 8. e4 O-O 9. Bd3 a6 10. a4 Nbd7 11. O-O Re8 12. Re1 Ne5 13. Nxe5 Rxe5 14. f4 Re8 15. Qf3 Rb8 16. Be3 Qb6 17. Rab1 Qb4 18. Kh1 Bd7 19. Bf2 Nh5 20. g4 Nf6 21. e5 dxe5 22. fxe5 Nxg4 23. hxg4 Bxg4 24. Qg3 Bd7 25. Re4 Qa5 26. Rbe1 Bf5 27. R4e2 Bxd3 28. Qxd3 b5 29. axb5 axb5 30. d6 c4 31. Qf3 b4 32. Nd5 c3 33. bxc3 bxc3 34. Ne7+ Rxe7 35. dxe7 Qc7 36. Kg2 Rc8 37. Bd4 Qxe7 38. Bxc3 Qg5+ 39. Kf1 h5 40. Bd4 Rd8 41. Bf2 Re8 42. e6 1-0


[Site "https://www.chess.com"]

[Event "Titled Tuesday Blitz May 31 Early 2022"]
[White "Belenkaya, Dina"]
[Black "De La Colina, Nicolas"]
[WhiteFideId "24142654"]
[BlackFideId "30946921"]
[WhiteElo "2196"]
[BlackElo "2046"]
[Result "0-1"]
[Round "08"]
[TimeControl "180+1"]
[Date "2022.06.01"]
[WhiteClock "0:00:02"]
[BlackClock "0:00:04"]

1. Nf3 Nf6 2. g3 g6 3. Bg2 Bg7 4. d3 O-O 5. e4 d6 6. O-O c5 7. Nbd2 Nc6 8. c3 Qc7 9. d4 e5 10. d5 Nb8 11. a4 b6 12. b4 Bg4 13. Qb3 Bxf3 14. Bxf3 Nbd7 15. Bb2 h6 16. Bg2 Rab8 17. Rac1 Nh7 18. f4 exf4 19. gxf4 Nhf6 20. Rfe1 Rfe8 21. Nc4 Nh5 22. Rf1 Rbc8 23. e5 dxe5 24. d6 Qd8 25. fxe5 Qg5 26. Rc2 Rf8 27. Bc1 Qg4 28. Ne3 Qe6 29. Bd5 Qxe5 30. Bxf7+ Kh7 31. Ng4 Qxd6 32. Rg2 cxb4 33. Qc2 Kh8 34. Bxg6 Qc5+ 35. Be3 Qxc3 36. Qe4 Qc6 37. Qxc6 Rxc6 38. Bxh5 Rxf1+ 39. Kxf1 b3 40. Rd2 b2 41. Rd1 Re6 42. Bf4 Re7 43. Bg6 Ne5 44. Bb1 Nxg4 45. Rd8+ Bf8 46. Rxf8+ Kg7 47. Rc8 Rf7 48. Rc4 Ne5 49. Ke2 Nxc4 50. Kd3 Na5 51. Kc2 Re7 52. Bd2 Kf8 53. Bc3 Rc7 54. Kxb2 Rf7 55. Bd3 Rf2+ 56. Kc1 Rf3 57. Bb4+ Ke8 58. Kd2 Rf7 59. Bb5+ Nc6 60. Bxc6+ Kd8 61. Bd5 Rd7 62. Kc3 Rxd5 63. Kc4 Rh5 64. Bd6 Kd7 65. Bg3 Kc6 66. Kb4 a5+ 67. Kc4 Rf5 68. Kb3 h5 69. Kc4 Rf3 70. Bb8 Rh3 0-1


[Site "https://www.chess.com"]

[Event "Titled Tuesday Blitz May 31 Early 2022"]
[White "Bethke, Richard"]
[Black "Kosteniuk, Alexandra"]
[WhiteFideId "12959243"]
[BlackFideId "4128125"]
[WhiteElo "2517"]
[BlackElo "2469"]
[Result "0-1"]
[Round "08"]
[TimeControl "180+1"]
[Date "2022.06.01"]
[WhiteClock "0:00:02"]
[BlackClock "0:00:14"]

1. e4 c6 2. Nf3 d5 3. Nc3 dxe4 4. Nxe4 Nf6 5. Qe2 Nxe4 6. Qxe4 Nd7 7. Bc4 Nf6 8. Ne5 e6 9. Qe2 Bd6 10. O-O O-O 11. d4 b5 12. Nxc6 Qb6 13. Bxb5 Bd7 14. d5 exd5 15. Ne7+ Bxe7 16. Bxd7 Qd6 17. Bb5 Ne4 18. Bd3 f5 19. f3 Nc5 20. Be3 Bf6 21. Bxf5 Bxb2 22. Rab1 Be5 23. Bxc5 Qxc5+ 24. Rf2 Rxf5 25. g4 Re8 26. gxf5 Bxh2+ 27. Kxh2 Rxe2 28. Rxe2 h6 29. Rb8+ Kf7 30. Rb7+ Kf6 0-1


[Site "https://www.chess.com"]

[Event "Titled Tuesday Blitz May 31 Early 2022"]
[White "Bodnaruk, Anastasia"]
[Black "Sismeiro, Miguel"]
[WhiteFideId "4181751"]
[BlackFideId "1950975"]
[WhiteElo "2332"]
[BlackElo "2031"]
[Result "0-1"]
[Round "08"]
[TimeControl "180+1"]
[Date "2022.05.31"]
[WhiteClock "0:01:03"]
[BlackClock "0:02:09"]

1. e4 g6 2. d4 Bg7 3. Nc3 d5 4. e5 c6 5. Nf3 Bg4 6. Be2 e6 7. O-O Ne7 8. h3 Bxf3 9. Bxf3 c5 10. Nb5 O-O 11. c3 a6 12. Nd6 Qd7 13. Be3 Nbc6 14. a4 cxd4 15. cxd4 f6 16. Qb3 Rab8 17. Qa3 fxe5 18. dxe5 Bxe5 19. Bc5 b6 20. Ne4 dxe4 21. Rfd1 Qc7 0-1


[Site "https://www.chess.com"]

[Event "Titled Tuesday Blitz May 31 Early 2022"]
[White "Bortnyk, Olexandr"]
[Black "Goltsev, Dmitry"]
[WhiteFideId "14120828"]
[BlackFideId "24176710"]
[WhiteElo "2723"]
[BlackElo "2258"]
[Result "1-0"]
[Round "08"]
[TimeControl "180+1"]
[Date "2022.05.31"]
[WhiteClock "0:00:31"]
[BlackClock "0:00:04"]

1. d4 Nf6 2. Nc3 e6 3. Bf4 d5 4. Nb5 Na6 5. e3 c6 6. Nc3 Nc7 7. Nf3 Be7 8. Ne5 a6 9. Bd3 Nb5 10. Nxb5 axb5 11. O-O Nd7 12. Qh5 Nxe5 13. Bxe5 Bf6 14. f4 Bd7 15. g4 Qe7 16. g5 Bxe5 17. fxe5 g6 18. Qh6 Qf8 19. Qh3 O-O-O 20. a4 bxa4 21. Qf3 Qb4 22. Qg2 c5 23. c3 Qb6 24. Rxf7 Rdf8 25. Rf6 c4 26. Bf1 Qb3 27. Qd2 Rfg8 28. Bh3 Re8 29. Raf1 b5 30. Ra1 b4 31. cxb4 Kb7 32. Rf7 c3 33. Qxc3 Qxc3 34. bxc3 Kc6 35. Rxa4 Ra8 36. Rxa8 Rxa8 37. b5+ 1-0


[Site "https://www.chess.com"]

[Event "Titled Tuesday Blitz May 31 Early 2022"]
[White "Cherniaiev, Tykhon"]
[Black "Yaniuk, Volodymyr"]
[WhiteFideId "14182360"]
[BlackFideId "14133083"]
[WhiteElo "2289"]
[BlackElo "2207"]
[Result "1-0"]
[Round "08"]
[TimeControl "180+1"]
[Date "2022.05.31"]
[WhiteClock "0:00:09"]
[BlackClock "0:00:27"]

1. Nf3 d5 2. c4 e6 3. d4 Nf6 4. Nc3 Bb4 5. cxd5 exd5 6. Bg5 h6 7. Bh4 g5 8. Bg3 Ne4 9. Qc2 h5 10. h4 Nxg3 11. fxg3 g4 12. Ne5 Nc6 13. Qa4 Bd7 14. Nxd7 Qxd7 15. O-O-O O-O 16. e3 Rfe8 17. Re1 a6 18. Bd3 Bxc3 19. bxc3 b5 20. Qc2 Qd6 21. e4 Ne7 22. e5 Qa3+ 23. Qb2 Qxb2+ 24. Kxb2 c5 25. Rhf1 Rab8 26. Rf6 b4 27. e6 bxc3+ 28. Kxc3 fxe6 29. dxc5 Nc6 30. Rfxe6 d4+ 31. Kc4 Na5+ 32. Kxd4 Red8+ 33. Kc3 Rbc8 34. R1e5 Nb7 35. Bc4 Kf8 36. Rf5+ Kg7 37. Re7+ Kg6 38. Rg5+ Kh6 39. Rxb7 Rxc5 40. Rxc5 Rd6 1-0


[Site "https://www.chess.com"]

[Event "Titled Tuesday Blitz May 31 Early 2022"]
[White "Csonka, Balazs"]
[Black "Toncheva, Nadya"]
[WhiteFideId "742910"]
[BlackFideId "2924056"]
[WhiteElo "2404"]
[BlackElo "1888"]
[Result "1-0"]
[Round "08"]
[TimeControl "180+1"]
[Date "2022.06.01"]
[WhiteClock "0:00:02"]
[BlackClock "0:00:04"]

1. e4 Nf6 2. e5 Nd5 3. d4 b5 4. Bxb5 c5 5. c4 cxd4 6. Nf3 Bb7 7. O-O Nb6 8. Nxd4 e6 9. Nd2 Be7 10. Qg4 g6 11. Ne4 a6 12. c5 axb5 13. cxb6 Qxb6 14. Be3 Bxe4 15. Qxe4 Ra4 16. b3 Ra6 17. Qd3 Bc5 18. Nxb5 O-O 19. a4 Nc6 20. Bf4 Na7 21. Qxd7 Rd8 22. Qc7 Nxb5 23. Qxb6 Rxb6 24. axb5 Rxb5 25. Rad1 Rxd1 26. Rxd1 Rxb3 27. Bh6 Bf8 28. Bf4 Kg7 29. g3 h6 30. h4 Rb5 31. Kg2 Be7 32. Rd7 Bf8 33. Be3 Bc5 34. Bf4 Rb2 35. Rc7 Bxf2 36. Kf3 Bg1 37. Ke4 Rg2 38. Kf3 Rf2+ 39. Ke4 h5 40. Rd7 Bh2 41. Ke3 Rg2 42. Kf3 Rg1 43. Rb7 Rd1 44. Kg2 Bg1 45. Bg5 Bd4 46. Bf6+ Kh7 47. Rb8 Bxe5 48. Rh8# 1-0


[Site "https://www.chess.com"]

[Event "Titled Tuesday Blitz May 31 Early 2022"]
[White "D`Arruda, Ricardo D."]
[Black "Petrova, Irina"]
[WhiteFideId "100692"]
[BlackFideId "14124122"]
[WhiteElo "2452"]
[BlackElo "1993"]
[Result "0-1"]
[Round "08"]
[TimeControl "180+1"]
[Date "2022.06.01"]
[WhiteClock "0:00:01"]
[BlackClock "0:00:04"]

1. Nf3 d6 2. d4 g6 3. Nc3 Bg7 4. e4 Nf6 5. Bg5 O-O 6. Qd2 c6 7. O-O-O b5 8. e5 b4 9. exf6 bxc3 10. Qxc3 exf6 11. Bf4 Be6 12. Bd3 Qb6 13. Bxd6 Re8 14. Qb4 Qd8 15. Bf4 Nd7 16. Kb1 a5 17. Qc3 Bd5 18. Bc4 Nb6 19. Bd3 a4 20. Be3 Rb8 21. Ka1 a3 22. b3 Bxf3 23. gxf3 f5 24. Bc4 f4 25. Bc1 Nd5 26. Bxd5 Qxd5 27. Bxa3 Rec8 28. Bc5 Rb5 29. Kb1 Ra8 30. a3 Rba5 31. Rhe1 h5 32. Rd3 Bf8 33. b4 Rxa3 34. Qxa3 Rxa3 35. Rxa3 Bxc5 36. dxc5 Qc4 37. Rb3 Kg7 38. Re4 Qf1+ 39. Kb2 Qxf2 40. b5 Qxc5 41. b6 Qd6 42. b7 Qb8 43. Ra4 Qe5+ 44. Ka2 Qe2 45. b8=Q Qxc2+ 46. Ka3 Qc1+ 47. Kb4 Qd2+ 48. Kc5 Qd5+ 49. Kb6 c5 50. Rb5 Qe6+ 51. Ka5 Qe1+ 52. Kb6 Qe6+ 53. Kb7 Qd7+ 54. Ka6 Qc6+ 55. Ka5 c4 0-1


[Site "https://www.chess.com"]

[Event "Titled Tuesday Blitz May 31 Early 2022"]
[White "Demchenko, Anton"]
[Black "Sargissyan, Sargis"]
[WhiteFideId "4160258"]
[BlackFideId "13303210"]
[WhiteElo "2539"]
[BlackElo "2174"]
[Result "1-0"]
[Round "08"]
[TimeControl "180+1"]
[Date "2022.05.31"]
[WhiteClock "0:00:35"]
[BlackClock "0:00:02"]

1. e4 e5 2. Nf3 Nc6 3. Bb5 a6 4. Ba4 Nf6 5. d3 d6 6. c3 b5 7. Bb3 Be7 8. Nbd2 O-O 9. Nf1 d5 10. Qe2 dxe4 11. dxe4 Na5 12. Bc2 Be6 13. Ne3 Nc4 14. b3 Nxe3 15. Bxe3 Nd7 16. O-O f6 17. Rfd1 Qc8 18. Nh4 Bc5 19. Nf5 Bxf5 20. exf5 Bxe3 21. Qxe3 Rd8 22. Be4 Rb8 23. Bd5+ Kh8 24. Be6 Rb6 25. Rd3 Rd6 26. Rad1 Qb8 27. Rxd6 cxd6 28. h4 Nc5 29. Bd5 Qc7 30. h5 h6 31. c4 bxc4 32. Bxc4 a5 33. Qf3 Qc8 34. g4 Qc7 35. Qd5 Qb7 36. Qxc5 Qf3 37. Rxd6 Qxg4+ 38. Kf1 Rxd6 39. Qxd6 Qh3+ 40. Ke1 Qh1+ 41. Kd2 1-0


[Site "https://www.chess.com"]

[Event "Titled Tuesday Blitz May 31 Early 2022"]
[White "Derraugh, Geordie"]
[Black "Hambleton, Aman"]
[WhiteFideId "2603950"]
[BlackFideId "2606577"]
[WhiteElo "2116"]
[BlackElo "2552"]
[Result "0-1"]
[Round "08"]
[TimeControl "180+1"]
[Date "2022.06.01"]
[WhiteClock "0:00:04"]
[BlackClock "0:00:02"]

1. e4 b6 2. Nc3 Bb7 3. f4 e6 4. Nf3 d5 5. exd5 exd5 6. Bb5+ c6 7. Be2 Bd6 8. d4 Nf6 9. O-O O-O 10. f5 Nbd7 11. Bg5 Qc7 12. Kh1 h6 13. Bh4 Ng4 14. Qd3 Rfe8 15. h3 Ngf6 16. Nd2 a6 17. Rae1 c5 18. Bf2 Re7 19. Bd1 Rae8 20. Rxe7 Rxe7 21. a4 cxd4 22. Bxd4 Nc5 23. Qf3 Be5 24. Bxe5 Qxe5 25. Qf2 d4 26. Ne2 Nce4 27. Nxe4 Nxe4 28. Qf4 Qxf4 29. Rxf4 Nf6 30. Rxd4 Bc6 31. Rd6 Bxa4 32. Rxb6 Bxc2 33. Bxc2 Rxe2 34. Bd3 Rd2 35. Bxa6 Ne4 36. Kg1 Ng3 37. f6 gxf6 38. Rxf6 Kg7 39. Rf3 Ne4 40. Bc4 f6 41. b3 Rb2 42. Rf4 Ng5 43. Rg4 f5 44. Rf4 Kf6 45. g4 Nxh3+ 0-1


[Site "https://www.chess.com"]

[Event "Titled Tuesday Blitz May 31 Early 2022"]
[White "Devaev, Alexander"]
[Black "Perez Gormaz, Matias"]
[WhiteFideId "4169395"]
[BlackFideId "3406342"]
[WhiteElo "2185"]
[BlackElo "2341"]
[Result "0-1"]
[Round "08"]
[TimeControl "180+1"]
[Date "2022.06.01"]
[WhiteClock "0:00:05"]
[BlackClock "0:00:08"]

1. d4 d5 2. c4 e6 3. Nc3 a6 4. cxd5 exd5 5. Nf3 c6 6. Bf4 Bd6 7. Bg3 Ne7 8. e3 Bf5 9. Nh4 Be6 10. Bd3 O-O 11. Qc2 g6 12. O-O Bxg3 13. hxg3 Nd7 14. Rab1 Nf6 15. a4 Ne8 16. b4 Nd6 17. a5 Nef5 18. Nf3 h5 19. Na4 h4 20. g4 Ng7 21. Ne5 Nc4 22. Bxc4 dxc4 23. Nc5 Bc8 24. Qxc4 Qd6 25. g5 Nh5 26. Ne4 Qd8 27. f4 Be6 28. Qe2 Bf5 29. Nc5 Bxb1 30. Rxb1 Ng3 31. Qg4 Nf5 32. Re1 Re8 33. Qf3 Qd5 34. Ne4 Kg7 35. Rc1 Qb3 36. Nf6 Qxe3+ 37. Qxe3 Nxe3 38. Nxe8+ Rxe8 39. Rc3 Nd5 40. Rb3 Nxf4 41. Kh2 Ne2 42. Nf3 Re4 43. Rd3 Nf4 44. Rd2 Nd5 45. Kh3 Nf4+ 46. Kh2 Ne6 47. d5 cxd5 48. Rxd5 Rxb4 49. Rd7 Rb5 50. Re7 Nxg5 51. Nxh4 Ne6 52. Nf3 Kf6 53. Rd7 Rb2 54. Kg1 Nf4 55. g3 Ne2+ 56. Kh2 Nd4+ 57. Kh3 Nxf3 58. Rxb7 Ng5+ 59. Kg4 Rxb7 0-1


[Site "https://www.chess.com"]

[Event "Titled Tuesday Blitz May 31 Early 2022"]
[White "Domingo Nunez, Ruben"]
[Black "Gracia Alvarez, Gerardo Antonio"]
[WhiteFideId "22245570"]
[BlackFideId "5109124"]
[WhiteElo "2376"]
[BlackElo "2139"]
[Result "0-1"]
[Round "08"]
[TimeControl "180+1"]
[Date "2022.06.01"]
[WhiteClock "0:00:04"]
[BlackClock "0:00:04"]

1. b3 e5 2. Bb2 Nc6 3. g3 d5 4. Bg2 Nf6 5. c4 d4 6. d3 Bb4+ 7. Nd2 a5 8. a3 Bxd2+ 9. Qxd2 O-O 10. e3 Nd7 11. Nf3 Nc5 12. Rd1 Nxb3 13. Qc2 a4 14. O-O Re8 15. Rfe1 h6 16. Nd2 Nxd2 17. Qxd2 Bg4 18. Rb1 Qd7 19. Bc1 b6 20. Rb5 Rad8 21. Rd5 Qc8 22. Rxd8 Nxd8 23. exd4 Ne6 24. h3 Bf5 25. g4 Bg6 26. dxe5 Rd8 27. Re3 Nc5 28. d4 Nb3 29. Rxb3 axb3 30. Bb2 Bc2 31. d5 Re8 32. Qd4 Qd8 33. d6 cxd6 34. exd6 Qf6 35. Qxf6 gxf6 36. Bxf6 Rd8 37. Bxd8 b2 38. Bf6 b1=Q+ 39. Kh2 Qd1 40. Be5 Bb3 41. Bd5 Ba4 42. Kg3 Bd7 43. f3 Be6 44. Bf4 Bxd5 45. cxd5 Qxd5 46. h4 h5 47. gxh5 Qxh5 48. Bg5 Qg6 49. f4 Qxd6 50. Kg4 Qxa3 51. Kf5 b5 52. Bf6 b4 53. h5 b3 54. Be7 Qxe7 0-1


[Site "https://www.chess.com"]

[Event "Titled Tuesday Blitz May 31 Early 2022"]
[White "Dubov, Daniil"]
[Black "Pranav, V"]
[WhiteFideId "24126055"]
[BlackFideId "25060783"]
[WhiteElo "2791"]
[BlackElo "2349"]
[Result "1-0"]
[Round "08"]
[TimeControl "180+1"]
[Date "2022.05.31"]
[WhiteClock "0:00:37"]
[BlackClock "0:00:03"]

1. d4 Nf6 2. Nf3 g6 3. c4 Bg7 4. Nc3 d6 5. Bg5 O-O 6. e3 Nc6 7. Be2 h6 8. Bh4 Re8 9. O-O e5 10. dxe5 Nxe5 11. Nxe5 Rxe5 12. Bf3 Re8 13. Qb3 g5 14. Bg3 h5 15. h4 g4 16. Be2 Nd7 17. Rad1 Nc5 18. Qc2 Be6 19. b4 Nd7 20. c5 dxc5 21. Nb5 Rc8 22. bxc5 Qe7 23. c6 bxc6 24. Nxc7 Rxc7 25. Bxc7 Ne5 26. Bxe5 Bxe5 27. g3 Kg7 28. Qxc6 Bxa2 29. Bc4 Bxc4 30. Qxc4 a5 31. Rd5 Qe6 32. Rfd1 Bf6 33. Qd3 a4 34. Rxh5 Rd8 35. Qh7+ Kf8 36. Rxd8+ Bxd8 37. Qh8+ Ke7 38. Re5 1-0


[Site "https://www.chess.com"]

[Event "Titled Tuesday Blitz May 31 Early 2022"]
[White "Ezat, Mohamed"]
[Black "Chigaev, Maksim"]
[WhiteFideId "10600906"]
[BlackFideId "4108116"]
[WhiteElo "2386"]
[BlackElo "2457"]
[Result "0-1"]
[Round "08"]
[TimeControl "180+1"]
[Date "2022.06.01"]
[WhiteClock "0:00:47"]
[BlackClock "0:01:56"]

1. d4 d5 2. c4 e6 3. Nc3 Nf6 4. cxd5 Nxd5 5. e4 Nxc3 6. bxc3 c5 7. a3 cxd4 8. cxd4 Be7 9. Nf3 O-O 10. Bd3 b6 11. e5 Ba6 12. Be4 Nd7 13. h4 f5 14. Bc2 Rc8 15. Bb3 Bc4 16. Bxc4 Rxc4 17. Qb3 Qc8 18. Bg5 Bxg5 19. Nxg5 Qc6 20. O-O h6 21. Nxe6 Qxe6 22. d5 Qxd5 23. Rad1 Nc5 24. Qb5 Qf7 25. Rfe1 Re4 26. f3 Rxe1+ 27. Rxe1 Qe6 0-1


[Site "https://www.chess.com"]

[Event "Titled Tuesday Blitz May 31 Early 2022"]
[White "Fantinel, Thibault"]
[Black "Bluebaum, Matthias"]
[WhiteFideId "663395"]
[BlackFideId "24651516"]
[WhiteElo "2349"]
[BlackElo "2556"]
[Result "0-1"]
[Round "08"]
[TimeControl "180+1"]
[Date "2022.05.31"]
[WhiteClock "0:00:04"]
[BlackClock "0:01:25"]

1. c4 e5 2. g3 c6 3. Nf3 e4 4. Nd4 d5 5. d3 Bb4+ 6. Nc3 c5 7. Nc2 Bxc3+ 8. bxc3 dxc4 9. dxe4 Qxd1+ 10. Kxd1 Nc6 11. Na3 Be6 12. Bf4 a6 13. Bg2 O-O-O+ 14. Kc2 b5 15. Rad1 Nf6 16. h3 Kb7 17. g4 h6 18. Bd6 Kb6 19. f4 Ne8 20. e5 Nxd6 21. exd6 f6 22. e4 g5 23. Rhf1 gxf4 24. Rxf4 Rhf8 25. Rdf1 Rxd6 26. Rxf6 Rfd8 27. Nb1 Bg8 28. h4 Ne5 29. g5 hxg5 30. hxg5 b4 31. R1f5 b3+ 32. Kb2 Ng4 33. e5 Nxf6 34. exd6 Ng4 35. Bd5 Ne3 36. Bxg8 Nxf5 37. Bxc4 bxa2 38. Bxa2 Rxd6 39. Na3 Rg6 40. Nc4+ Kc7 41. Bb1 Rxg5 42. Kb3 Nd6 43. Nd2 Rg3 44. Bc2 Kc6 45. Ne4 Nxe4 46. Bxe4+ Kb6 47. Kc4 Rg4 48. Kd5 Rh4 49. Bd3 a5 50. Bc2 a4 0-1


[Site "https://www.chess.com"]

[Event "Titled Tuesday Blitz May 31 Early 2022"]
[White "Flynn, Jacob"]
[Black "Jegorovas, Aleksandras"]
[WhiteFideId "2509393"]
[BlackFideId "12801950"]
[WhiteElo "1896"]
[BlackElo "2247"]
[Result "0-1"]
[Round "08"]
[TimeControl "180+1"]
[Date "2022.06.01"]
[WhiteClock "0:00:04"]
[BlackClock "0:00:34"]

1. d4 d5 2. c4 c6 3. Nf3 Nf6 4. Qc2 e6 5. g3 c5 6. dxc5 Bxc5 7. cxd5 Bb4+ 8. Bd2 Bxd2+ 9. Nbxd2 exd5 10. Bg2 O-O 11. O-O Nc6 12. Nb3 Bg4 13. Nfd4 Nxd4 14. Nxd4 Qb6 15. Rfd1 Rac8 16. Qb3 Qxb3 17. axb3 a6 18. h3 Bd7 19. g4 h6 20. e3 Rc7 21. Bf1 Rfc8 22. Bd3 Kf8 23. f3 Ke7 24. Kf2 g6 25. b4 Ne8 26. Ra5 Nf6 27. Ke2 Rc1 28. Kd2 Rxd1+ 29. Kxd1 Kd6 30. Kd2 Ng8 31. Bc2 Ne7 32. Bb3 Be6 33. f4 Nc6 34. Ra4 Nxd4 35. exd4 Bd7 36. Ra5 Bb5 37. Ra1 Re8 38. Re1 Rxe1 39. Kxe1 f6 40. h4 g5 41. hxg5 hxg5 42. fxg5 fxg5 43. Kf2 Bd7 44. Kf3 Be6 45. Ba4 Kc7 46. Be8 Kb6 47. Ke3 a5 48. bxa5+ Kxa5 49. Kd3 Bxg4 50. Bf7 Bf3 51. Ke3 g4 52. Bg6 Kb4 53. Bc2 Kc4 54. Bb1 Kb3 55. Bd3 Kxb2 0-1


[Site "https://www.chess.com"]

[Event "Titled Tuesday Blitz May 31 Early 2022"]
[White "Girinath, P.D.S."]
[Black "Melikyan, Gnel"]
[WhiteFideId "5000572"]
[BlackFideId "54109990"]
[WhiteElo "2369"]
[BlackElo "1772"]
[Result "0-1"]
[Round "08"]
[TimeControl "180+1"]
[Date "2022.06.01"]
[WhiteClock "0:00:05"]
[BlackClock "0:00:12"]

1. e4 c5 2. Nf3 d6 3. Bb5+ Bd7 4. Bxd7+ Qxd7 5. O-O Nc6 6. c3 Nf6 7. d4 cxd4 8. cxd4 d5 9. e5 Ne4 10. Ne1 f6 11. f3 Ng5 12. Bxg5 fxg5 13. f4 gxf4 14. Nd3 e6 15. Nxf4 O-O-O 16. Nc3 g6 17. a3 Bh6 18. Qg4 Nxd4 19. Rad1 Nf5 20. Qe2 Qc6 21. Kh1 Rhf8 22. Nb5 Kb8 23. g4 Bxf4 24. gxf5 d4+ 25. Kg1 Be3+ 26. Rf2 Rxf5 27. Qxe3 Qxb5 28. Rxd4 Rc8 29. Rxf5 gxf5 30. Rd6 Qxb2 31. Rd2 Rc1+ 32. Kf2 Rc2 33. Rxc2 Qxc2+ 34. Kg3 Qc6 35. Qg5 a6 36. Qe7 Ka7 37. Kh4 Qe4+ 38. Kg5 Qxe5 39. Qd8 f4+ 40. Kg4 Qf5+ 41. Kf3 Qd5+ 42. Qxd5 exd5 43. Kxf4 Kb6 44. Ke5 Kc6 45. Kd4 b5 46. h4 a5 47. h5 b4 48. h6 bxa3 0-1


[Site "https://www.chess.com"]

[Event "Titled Tuesday Blitz May 31 Early 2022"]
[White "Girsh, Daniel"]
[Black "Sadubayev, Airat"]
[WhiteFideId "30949190"]
[BlackFideId "13713264"]
[WhiteElo "2463"]
[BlackElo "2234"]
[Result "0-1"]
[Round "08"]
[TimeControl "180+1"]
[Date "2022.06.01"]
[WhiteClock "0:00:26"]
[BlackClock "0:00:09"]

1. d4 d5 2. c4 c6 3. Nf3 Nf6 4. Qc2 dxc4 5. Qxc4 Bg4 6. Ne5 Be6 7. Qd3 Nbd7 8. Bf4 Nd5 9. g3 Nxe5 10. Bxe5 f6 11. Bf4 Nxf4 12. gxf4 Qb6 13. Nc3 O-O-O 14. e3 Qxb2 15. Rb1 Qa3 16. Bg2 g5 17. Rxb7 Bd5 18. Bxd5 Rxd5 19. Rb3 Qc1+ 20. Ke2 Qxh1 21. Qa6+ Kd7 22. Qb7+ Kd6 23. Qb8+ Ke6 24. Qe8 Rd7 25. f5+ Kxf5 26. Qxd7+ Kg6 27. Rb8 Qxh2 28. Re8 h5 29. Qd8 Kf7 30. Ne4 Qh3 31. Ng3 Qg4+ 32. Kd2 h4 33. Ne2 h3 34. Rxe7+ Bxe7 35. Qxh8 Qg2 36. Qh7+ Ke8 37. Ng3 Qxf2+ 38. Ne2 h2 39. Kd3 Qg2 40. Qg6+ Kd8 41. Qg8+ Kd7 42. Qb8 h1=Q 43. Qb7+ Ke8 44. Qc8+ Kf7 45. Nc3 Qhf1+ 46. Ne2 Qgxe2+ 47. Kc3 Qc4+ 48. Kb2 Qfe2+ 49. Kb1 Qcc2+ 50. Ka1 Qc1# 0-1


[Site "https://www.chess.com"]

[Event "Titled Tuesday Blitz May 31 Early 2022"]
[White "Gottstein, Claudius-Thomas"]
[Black "Thomas, Anysia"]
[WhiteFideId "4653327"]
[BlackFideId "670472"]
[WhiteElo "2109"]
[BlackElo "2002"]
[Result "1-0"]
[Round "08"]
[TimeControl "180+1"]
[Date "2022.06.01"]
[WhiteClock "0:00:24"]
[BlackClock "0:00:10"]

1. e4 c5 2. Nf3 g6 3. c3 d5 4. exd5 Qxd5 5. d4 Bg7 6. Be2 Nf6 7. dxc5 Qxc5 8. Be3 Qc7 9. h3 O-O 10. O-O Nc6 11. Na3 a6 12. Nc4 Be6 13. Bb6 Qc8 14. Ne3 Nd7 15. Bd4 Nxd4 16. Nxd4 Nc5 17. Nxe6 Qxe6 18. Qd5 Qb6 19. Nc4 Qc7 20. Bf3 Rad8 21. Qg5 b5 22. Ne3 Nd3 23. Rab1 e6 24. Be4 Nc5 25. Bc2 h6 26. Qh4 Rd2 27. Rbd1 Rfd8 28. Rxd2 Rxd2 29. Rd1 Qd6 30. Rxd2 Qxd2 31. Qe7 Qc1+ 32. Kh2 Be5+ 33. g3 Qd2 34. Kg2 Nd3 35. Bxd3 Qxd3 36. Ng4 Qe4+ 37. Kg1 Kg7 38. Qd8 Qe1+ 39. Kg2 Qe4+ 40. Kg1 h5 41. Nxe5 Qxe5 42. Qd4 Qxd4 43. cxd4 Kf6 44. f3 Ke7 45. Kf2 Kd6 46. Ke3 Kd5 47. Kd3 f6 48. f4 a5 49. b3 g5 50. h4 gxh4 51. gxh4 b4 52. Ke3 e5 53. dxe5 fxe5 54. f5 e4 55. f6 Ke6 56. Kxe4 Kxf6 57. Kf4 Kg6 58. Ke5 Kg7 59. Kf5 Kh6 60. Kf6 Kh7 61. Kg5 Kg7 62. Kxh5 Kh7 63. Kg5 Kg7 64. Kf5 Kh6 65. Ke5 Kh5 66. Kd5 Kxh4 67. Kc5 Kg4 68. Kb5 Kf5 69. Kxa5 Ke6 70. Kxb4 Kd7 71. Kb5 Kc7 72. Ka6 Kb8 73. b4 Ka8 74. b5 Kb8 75. b6 Ka8 76. a3 Kb8 77. a4 Ka8 78. a5 Kb8 79. Kb5 Ka8 80. a6 Kb8 81. Kc6 Ka8 82. Kd7 Kb8 83. a7+ Kb7 84. a8=Q+ Kxa8 85. Kc6 Kb8 86. b7 Ka7 87. Kc7 Ka6 88. b8=Q 1-0


[Site "https://www.chess.com"]

[Event "Titled Tuesday Blitz May 31 Early 2022"]
[White "Gulevich, Artem"]
[Black "Sovetbekova, Nurai"]
[WhiteFideId "24119580"]
[BlackFideId "13801910"]
[WhiteElo "2218"]
[BlackElo "1660"]
[Result "1-0"]
[Round "08"]
[TimeControl "180+1"]
[Date "2022.06.01"]
[WhiteClock "0:00:08"]
[BlackClock "0:00:02"]

1. Nf3 Nf6 2. b3 g6 3. Bb2 Bg7 4. d4 O-O 5. e3 c5 6. Nbd2 b6 7. Be2 Bb7 8. O-O d6 9. c4 Nbd7 10. Qc2 cxd4 11. Nxd4 Rc8 12. Rac1 d5 13. Qb1 dxc4 14. Nxc4 Be4 15. Qa1 Nc5 16. Rfd1 Qc7 17. Nd2 Qb7 18. Nxe4 Ncxe4 19. Bf3 Rxc1 20. Rxc1 Rc8 21. Nb5 Rxc1+ 22. Qxc1 a6 23. Nd4 Qd7 24. h3 Nc5 25. Nc6 Nd3 26. Qc2 Nxb2 27. Qxb2 Nd5 28. Qc2 e6 29. Bxd5 exd5 30. h4 h5 31. g3 Qd6 32. Kg2 Kh7 33. Nd4 Bxd4 34. exd4 Qb4 35. Qd3 a5 36. Qf3 Qe7 37. Qxd5 Kg8 38. Qe5 Qb7+ 39. d5 Qd7 40. Kg1 Qb5 41. Qd4 Qe2 42. d6 Qe1+ 43. Kg2 Qe8 44. d7 Qd8 45. Qd6 Kg7 46. Qe5+ Kf8 47. Qd6+ Kg8 48. a4 Qa8+ 49. Kg1 Qd8 50. Qc6 Kg7 51. Qc8 Qe7 52. d8=Q Qe1+ 53. Kg2 Qe4+ 54. Kh2 Qf3 55. Qxb6 Qxf2+ 56. Qxf2 1-0


[Site "https://www.chess.com"]

[Event "Titled Tuesday Blitz May 31 Early 2022"]
[White "Gunina, Valentina"]
[Black "Paravyan, David"]
[WhiteFideId "4167570"]
[BlackFideId "4194985"]
[WhiteElo "2381"]
[BlackElo "2569"]
[Result "1/2-1/2"]
[Round "08"]
[TimeControl "180+1"]
[Date "2022.05.31"]
[WhiteClock "0:00:14"]
[BlackClock "0:00:05"]

1. d4 Nf6 2. c4 g6 3. Nc3 d5 4. Nf3 Bg7 5. Bg5 Ne4 6. Bf4 Nxc3 7. bxc3 c5 8. e3 O-O 9. cxd5 Qxd5 10. Be2 cxd4 11. cxd4 Qa5+ 12. Qd2 Qxd2+ 13. Kxd2 Nc6 14. Rhb1 b6 15. Rc1 Bb7 16. Rc3 e5 17. dxe5 Rfe8 18. Rac1 Nxe5 19. Nxe5 Bxe5 20. Bxe5 Rxe5 21. f3 Rd8+ 22. Ke1 Kf8 23. Rc7 Re7 24. e4 Rdd7 25. Rxd7 Rxd7 26. a4 Re7 27. a5 bxa5 28. Rc5 a6 29. Rxa5 Re6 30. Kd2 Rb6 31. Kc3 Kg7 32. Bc4 Bc8 33. h4 Rc6 34. Kd4 h5 35. Bd5 Rb6 36. Ra2 Be6 37. Kc5 Rb5+ 38. Kd6 Kf6 39. g4 hxg4 40. fxg4 Bxg4 41. Rf2+ Kg7 42. Rxf7+ Kh6 43. Ra7 a5 44. Bg8 g5 45. Bc4 Rb6+ 46. Kc5 Rb8 47. hxg5+ Kxg5 48. Rxa5 Kf4 49. Bd5 Ke5 50. Ra7 Rc8+ 51. Kb6 Bf3 52. Re7+ Kd4 53. Rd7 Rc1 54. Bc6+ Ke5 55. Rd5+ Kf4 56. Rf5+ Ke3 57. Rf8 Bxe4 58. Bxe4 Kxe4 1/2-1/2


[Site "https://www.chess.com"]